 Dungeon Crawl Stone Soup version 0.27-a0-1586-gd5c625afe7 (webtiles) character file.

Game seed: 3359173448778886748

128 HAL9000 the Sneak (level 5, 0/26 HPs)
             Began as a Vine Stalker Brigand on July 18, 2021.
             Slain by a wight (1 damage)
             ... on level 2 of the Dungeon.
             The game lasted 00:02:20 (1951 turns).

HAL9000 the Sneak (Vine Stalker Brigand)            Turns: 1951, Time: 00:02:21

Health: 0/26       AC:  4    Str: 14    XL:     5   Next: 11%
Magic:  0/6        EV: 11    Int: 11    God:
Gold:   62         SH:  0    Dex: 16    Spells: 4/4 levels left

rFire    . . .     SeeInvis .   a - +2 dagger
rCold    . . .     Faith    .   (no shield)
rNeg     . . .     Spirit   +   b - +0 robe
rPois    .         Reflect  .   (no helmet)
rElec    .         Harm     .   c - +0 cloak
rCorr    .         Rampage  .   i - +0 pair of gloves
Will     .....                  (no boots)
Stlth    +++.......             (no amulet)
HPRegen  1.08/turn              (no ring)
MPRegen  0.10/turn              (no ring)

@: no status effects
A: fangs 2, regeneration 1, magic shield, antimagic bite, no potion heal 2
a: no special abilities


You were on level 2 of the Dungeon.
You visited 1 branch of the dungeon, and saw 3 of its levels.

You collected 62 gold pieces.

Inventory:

Hand Weapons
 a - a +2 dagger (weapon)
Missiles
 d - 6 poisoned darts (quivered)
 e - 2 curare-tipped darts
 g - 8 boomerangs
Armour
 b - a +0 robe (worn)
 c - a +0 cloak (worn)
 i - a +0 pair of gloves (worn)
Scrolls
 f - a scroll of teleportation {unknown}
 j - a scroll of fog {unknown}
 k - a scroll of amnesia {unknown}
 m - a scroll of enchant weapon {unknown}
Potions
 h - 2 potions of degeneration {unknown}
 l - 2 potions of curing {unknown}


   Skills:
 - Level 1.7 Fighting
 - Level 1.7 Short Blades
 + Level 4.7 Throwing
 - Level 0.7 Dodging
 - Level 4.8 Stealth


You had 4 spell levels left.
You didn't know any spells.
Your spell library contained the following spells:

 Spells                   Type           Power      Damage    Failure   Level
 Slow                     Hex            0%         N/A       47%         2
 Confusing Touch          Hex            0%         N/A       71%         3
 Summon Lightning Spire   Summ/Air       0%         N/A       98%         4
 Yara's Violent Unravell  Hex/Tmut       0%         3d3       100%        5
 Storm Form               Tmut/Air       0%         N/A       100%        7
 Maxwell's Capacitive Co  Air            0%         ∞         100%        8


Dungeon Overview and Level Annotations

Branches:
Dungeon (3/15)

Altars:


Innate Abilities, Weirdness & Mutations

You have extremely sharp teeth.
Your natural rate of healing is unusually fast.
When hurt, damage is shared between your health and your magic reserves.
Your bite disrupts and absorbs the magic of your enemies.
Potions cannot restore your health.


Message History

A wight comes into view. It is wielding a +3 mace of freezing.
A wight is nearby!
There is a stone staircase leading down here.
A wight is nearby!
A wight comes into view. It is wielding a +0 dagger.
There is a stone staircase leading down here.
Found an orange potion.
A frilled lizard comes into view.
Found a stone staircase leading down.
The frilled lizard hisses angrily.
The frilled lizard unfolds its giant frill.
There is a stone staircase leading up here.
The wight hits you with a +3 mace of freezing!
The wight freezes you.
You climb upwards.
There is a stone staircase leading down here.
Unknown command.
You hit the wight.
The wight is moderately damaged.
The wight closely misses you.
You barely miss the wight.
The wight is moderately damaged.
The wight barely misses you.
You hit the wight but do no damage. Your bite misses the wight.
The wight is moderately damaged.
The wight barely misses you.
You hit the wight.
The wight is heavily damaged.
The wight hits you with a +3 mace of freezing!
The wight freezes you.
You hit the wight but do no damage.
The wight is heavily damaged.
The wight hits you with a +3 mace of freezing.
The wight freezes you.
You hit the wight but do no damage.
The wight is heavily damaged.
The wight hits you with a +3 mace of freezing!
* * * LOW HITPOINT WARNING * * *
The wight freezes you.
You die...

.#####.##.##.#.#.##...........#..
...............#.#####.#...####..
######.##.##.###.# #.#...####..
#########.##.# #.# #<#.........
#.........##.# #.# #.#########.
############.###.#####.# #.
#...........# #. #####.####### ##
#@# #z# #.# ###


You could see a wight.

Vanquished Creatures
  A scorpion (D:2)
  Crazy Yiuf (D:2)
  An adder (D:2)
  A worm (D:2)
  2 ball pythons
  A giant cockroach (D:1)
  3 goblins
  A hobgoblin (D:2)
  8 jackals
  A kobold (D:1)
  3 quokkas
  3 bats
26 creatures vanquished.

Notes
Turn   | Place    | Note
-------+----------+-------------------------------------------
     0 | D:1      | HAL9000 the Vine Stalker Brigand began the quest for the
                  | Orb.
     0 | D:1      | Reached XP level 1. HP: 11/11 MP: 2/2
   228 | D:1      | Reached XP level 2. HP: 6/15 MP: 3/3
   513 | D:1      | Found a faded altar of an unknown god.
  1226 | D:2      | Found a runed translucent door.
  1227 | D:2      | Noticed Crazy Yiuf
  1323 | D:2      | Reached XP level 3. HP: 16/18 MP: 2/4
  1706 | D:2      | Killed Crazy Yiuf
  1707 | D:2      | Gained mutation: Your natural rate of healing is unusually
                  | fast. [Vine Stalker growth]
  1707 | D:2      | Reached XP level 4. HP: 3/23 MP: 0/5
  1812 | D:3      | Noticed a scorpion
  1850 | D:2      | Killed a scorpion
  1851 | D:2      | Reached XP level 5. HP: 18/26 MP: 3/6
  1951 | D:2      | HP: 1/26 [wight (9)]
  1951 | D:2      | Slain by a wight

Illustrated notes

Levels and vault maps discovered:
D:1:      lightli_arrival_statuegarden, layout_basic,
          shapermc_ecumenical_altar_notcrosses
D:2:      layout_basic, uniq_crazy_yiuf_cottage
D:3:      layout_rooms, uniq_robin

Skill      XL: |  1  2  3  4 |
---------------+-------------+-----
Throwing       | 2 3 4 |  4.7
Fighting       | |  1.7
Short Blades   | |  1.7
Dodging        | |  0.7
Stealth        | |  4.8

Action                   |  1- 3 |  4- 6 || total
-------------------------+-------+-------++-------
Melee: Dagger            |    62 |    12 ||    74
       Bite              |    11 |     2 ||    13
Throw: Dart              |     7 |     6 ||    13
 Stab: Sleeping          |     4 |       ||     4
       Distracted        |     1 |       ||     1
Armor: Robe              |    13 |     4 ||    17
Dodge: Dodged            |    28 |    19 ||    47

Table legend: (Time is in decaauts)
 A = Elapsed time spent in this place.
 B = Non-inter-level travel time spent in this place.
 C = Inter-level travel time spent in this place.
 D = Time resting spent in this place.
 E = Time spent auto-exploring this place.
 F = Levels seen in this place.
 G = Mean time per level.
                   A        B        C        D        E       F      G
               +--------+--------+--------+--------+--------+-----+--------+
         Total |   1943 |   1861 |     82 |    273 |   1347 |   3 |  647.7 |
       Dungeon |   1943 |   1861 |     82 |    273 |   1347 |   3 |  647.7 |
               +--------+--------+--------+--------+--------+-----+--------+

Top non-repeatable levels by time:
     D:2: 1175 daAuts
     D:1: 683 daAuts
     D:3: 84 daAuts
